 Dungeon Crawl Stone Soup version 0.14-a0-155-gd989017 (webtiles) character file.

273 Malachi the Chiller (level 5, -6/31 HPs)
             Began as a High Elf Ice Elementalist on Oct 5, 2013.
             Mangled by a gnoll
             ... wielding a +0,+0 halberd
              (11 damage)
             ... on Level 3 of the Dungeon.
             The game lasted 00:08:39 (2796 turns).

Malachi the Chiller (High Elf Ice Elementalist)     Turns: 2796, Time: 00:08:39

HP  -6/31        AC  3     Str  7      XL: 5   Next:  1%
MP  12/13        EV 13     Int 20      God:
Gold 135         SH  0     Dex 15      Spells:  2 memorised,  5 levels left

Res.Fire  : . . .   See Invis. : .   r - +3 dagger (freeze)
Res.Cold  : . . .   Warding    : .   a - +0 elf robe
Life Prot.: . . .   Conserve   : .   (no shield)
Res.Poison: .       Res.Corr.  : .   p - +0 helmet
Res.Elec. : .       Clarity    : .   (no cloak)
Sust.Abil.: . .     Spirit.Shd : .   (no gloves)
Res.Mut.  : .       Stasis     : .   (no boots)
Res.Rott. : .       Flight     : .   (no amulet)
Saprovore : . . .                    (no ring)
                                     (no ring)

@: very slightly contaminated, slightly resistant to hostile enchantments,
fairly stealthy
A: no striking features
a: no special abilities


You were on level 3 of the Dungeon.
You were not hungry.

You visited 1 branch of the dungeon, and saw 3 of its levels.

You collected 115 gold pieces.

Inventory:

Hand weapons
 f - a +2,+0 elven short sword
 r - a +3,+3 dagger of freezing (weapon)
 v - a +2,+1 dagger of protection
Missiles
 m - 5 tomahawks (quivered)
Armour
 a - a +0 elven robe (worn)
 d - a +0 robe
 l - a +0 helmet
 p - a +0 helmet (worn)
Comestibles
 c - 2 bread rations
 g - 2 chunks of goblin flesh
 h - 2 meat rations
 i - a banana
 z - a chunk of goblin flesh
 A - a chunk of giant newt flesh
Scrolls
 w - a scroll of remove curse {unknown}
Jewellery
 e - an uncursed ring of protection from fire {unknown}
 j - an uncursed amulet of resist corrosion {unknown}
 t - an uncursed amulet of faith
Potions
 k - 6 potions of curing {unknown}
 n - a potion of heal wounds {unknown}
 o - a potion of speed {unknown}
 q - a potion of restore abilities {unknown}
 x - a potion of confusion {unknown}
Books
 b - a book of Frost

   Spells                             Type                      Level
   *Freeze                            Ice                          1
   Throw Frost                        Conjuration/Ice              2
   *Ozocubu's Armour                  Charms/Ice                   3
   Throw Icicle                       Conjuration/Ice              4
   Summon Ice Beast                   Ice/Summoning                4
   Condensation Shield                Ice                          4


   Skills:
 * Level 3.0 Dodging
 - Level 2.1 Stealth
 + Level 2.7 Spellcasting
   Level 1.1 Conjurations
 * Level 4.8 Ice Magic


You had 5 spell levels left.
You knew the following spells:

 Your Spells              Type           Power        Failure   Level  Hunger
a - Freeze                Ice            ###.         1%          1    None
b - Ozocubu's Armour      Chrm/Ice       ##........   17%         3    ###....


Dungeon Overview and Level Annotations

Branches:
Dungeon (3/27)

Altars:


Message History

You are very lightly contaminated with residual magic.
Your skin tingles.
The gnoll hits you from afar with a halberd!
Ouch! That really hurt!
Read which item? (? for menu, Esc to quit)
As you read the scroll labeled KOYMEDW ICYUWO, it crumbles to dust.
Your +2,+3 dagger of freezing glows green for a moment.
It was a scroll of enchant weapon I.
Read which item? (? for menu, Esc to quit)
As you read the scroll labeled WEPHAD ENURAS, it crumbles to dust.
The scroll dissolves into smoke.
It was a scroll of fog.
The gnoll closely misses you.
Read which item? (? for menu, Esc to quit)
Okay, then.
The gnoll hits you from afar with a halberd!
* * * LOW HITPOINT WARNING * * *
The gnoll barely misses you. The gnoll closely misses you.
The gnoll hits you from afar with a halberd!
You die...

#.# #..........
####'#####..........
#...................
#.............#.....
#.............#.....
#.?...........#.....
#...................
#.............######
#..@..........#
##....g........#
#...........####
#...g.......#
#..g....§§..#
#(.....§§§..#########
#.....§§§§§..........
#....§§§§§§..g..$....
#....§§§§§§..........


You could see 3 gnolls.

Vanquished Creatures
  Ijyb (D:3)
  4 adders (D:2)
  A worm (D:3)
  2 oozes
  2 ball pythons
  7 bats
  2 giant cockroaches (D:2)
  10 goblins
  9 hobgoblins
  8 jackals
  3 giant newts
  A goblin zombie (D:2)
  A hobgoblin skeleton (D:2)
  10 kobolds
  2 kobold zombies (D:2)
  7 rats
  A rat zombie (D:2)
71 creatures vanquished.

Notes
Turn   | Place    | Note
--------------------------------------------------------------
     0 | D:1      | Malachi, the High Elf Ice Elementalist, began the quest for the Orb.
     0 | D:1      | Reached XP level 1. HP: 11/11 MP: 4/4
   381 | D:1      | Reached XP level 2. HP: 7/17 MP: 2/5
  1166 | D:1      | Reached skill level 4 in Ice Magic
  1189 | D:1      | Reached XP level 3. HP: 14/21 MP: 1/7
  1862 | D:2      | Reached XP level 4. HP: 18/27 MP: 2/10
  2559 | D:2      | Learned a level 3 spell: Ozocubu's Armour
  2604 | D:3      | Noticed Ijyb
  2611 | D:3      | Killed Ijyb
  2743 | D:3      | Reached XP level 5. HP: 31/31 MP: 11/13
  2796 | D:3      | Mangled by a gnoll

Action                   |  1- 3 |  4- 6 || total
-------------------------+-------+-------++-------
Melee: Unarmed           |     4 |       ||     4
       Dagger            |    12 |    32 ||    44
Throw: Tomahawk          |     5 |       ||     5
 Cast: Freeze            |    65 |    35 ||   100
  Use: Scroll            |     6 |     2 ||     8
 Stab: Sleeping          |     1 |     1 ||     2
